 Dungeon Crawl Stone Soup version 0.32-a0-673-g3729bd50f8 (webtiles) character file.

Game seed: 9519138635310309351

2800 shadizar the Trooper (level 10, -5/76 HPs)
             Began as a Djinni Earth Elementalist on Mar 10, 2024.
             Was a Follower of Makhleb.
             Killed from afar by an electric eel (9 damage)
             ... with a bolt of electricity
             ... on level 8 of the Dungeon.
             The game lasted 00:09:55 (5256 turns).

shadizar the Trooper (Djinni Earth Elementalist)    Turns: 5256, Time: 00:09:57

Health: -5/76      AC: 15    Str:  7    XL:     10   Next: 2%
Gold:   417        EV: 12    Int: 20    God:    Makhleb [*.....] SH:  0 Dex: 15

rFire   + + .        u - staff of alchemy
rCold   x . .        (no shield)
rNeg    . . .        j - +3 ring mail of Hairy Brilliance {rPois Regen+ SInv}
rPois   ∞            o - +2 helmet
rElec   .            m - +0 cloak
rCorr   .            k - +1 pair of gloves
SInv    +            (boots unavailable)
Will    +....        (no amulet)
Stlth   +            (no ring)
HPRegen 1.12/turn    (no ring)
MPRegen 0.00/turn

%: infuse magic (-6 HP)
@: flying
A: sickness immunity, fire resistance 2, cold vulnerability 1, float, innate
caster, HP casting, extra vitality 1
a: Renounce Religion


You were on level 8 of the Dungeon.
You worshipped Makhleb.
Makhleb was aware of your devotion.
You visited 2 branches of the dungeon, and saw 9 of its levels.

You collected 417 gold pieces.

Inventory:

Hand Weapons
 w - a +5 short sword of venom
Armour
 j - the +3 ring mail of Hairy Brilliance (worn) {rPois Regen+ SInv}
   (You found it on level 2 of the Dungeon)

   rPois:     It protects you from poison.
   SInv:      It lets you see invisible.
   Regen+:    It increases your rate of health regeneration.
 k - a +1 pair of gloves (worn)
 m - a +0 cloak (worn)
 o - a +2 helmet (worn)
 v - a +0 troll leather armour
Magical Staves
 u - a staff of alchemy (weapon)
Jewellery
 g - a ring of see invisible
Wands
 a - a wand of polymorph (14)
 f - a wand of quicksilver (4)
 s - a wand of mindburst (7)
Scrolls
 b - 2 scrolls of poison
 c - 4 scrolls of teleportation
 i - a scroll of enchant armour
 r - 2 scrolls of vulnerability
Potions
 d - a potion of might
 e - 2 potions of heal wounds
 h - a potion of enlightenment
 l - a potion of curing
 n - a potion of ambrosia
 p - a potion of invisibility {unknown}
 q - a potion of haste
 t - 3 potions of brilliance


   Skills:
 + Level 7.6 Fighting
 + Level 5.0 Armour
 + Level 6.1 Dodging
 - Level 1.5 Stealth
 + Level 6.5 Spellcasting
 + Level 6.5 Conjurations
 + Level 6.5 Hexes
 + Level 6.5 Summonings
 + Level 6.5 Necromancy
 + Level 6.5 Translocations
 + Level 6.5 Fire Magic
 + Level 6.5 Ice Magic
 + Level 6.5 Air Magic
 + Level 6.5 Earth Magic
 + Level 6.5 Alchemy


You knew the following spells:

 Your Spells              Type           Power      Damage    Failure   Level
a - Sandblast             Erth           64%        2d14      1%          1
b - Passwall              Erth           32%        N/A       6%          3
c - Stone Arrow           Conj/Erth      64%        3d11      6%          3
d - Petrify               Alch/Erth      49%        N/A       21%         4
e - Brom's Barrelling Bo  Conj/Erth      32%        2d5       21%         4
f - Foxfire               Conj/Fire      100%       2x1d9     1%          1
g - Call Imp              Summ           64%        N/A       3%          2
h - Swiftness             Air            32%        N/A       6%          3
i - Mephitic Cloud        Conj/Alch/Air  49%        N/A       6%          3
Your spell library was empty.

Dungeon Overview and Level Annotations

Branches:
Dungeon (8/15)             Temple (1/1) D:4
   Lair: D:8-11

Altars:
Elyvilon
Fedhas
Gozag
Hepliaklqana
Makhleb
Nemelex Xobeh
Okawaru
Qazlal
Ru
Trog
Zin
The Shining One

Shops:
D:1 (   D:4 !   D:7 *

Annotations:
D:4 2 transporters


Innate Abilities, Weirdness & Mutations

You are immune to sickness and miasma.
You are immune to poison.
Your flesh is very heat resistant. (rF++)
You are vulnerable to cold. (rC-)
You float through the air rather than walking.
You learn spells naturally, not from books.
Your magical power is your life essence.
You have superior vitality. (+4 MHP)


Message History

The electric eel shoots out a bolt of lightning at you!
The bolt of electricity hits you.
The electric eel shoots out a bolt of lightning at you!
The bolt of electricity hits you.
You see here a sky beast corpse.
You see here a hound corpse.
You see here a troll corpse.
The blast of sand hits the hound!
You kill the hound!
Makhleb accepts your kill.
You can't see any susceptible monsters within range! (Use Z to cast anyway.)
You can't see any susceptible monsters within range! (Use Z to cast anyway.)
The electric eel shoots out a bolt of lightning at you!
The bolt of electricity hits you!
You see here a hound corpse.
The electric eel shoots out a bolt of lightning at you!
The bolt of electricity hits you!
You see here a hound corpse.
The electric eel shoots out a bolt of lightning at you!
The bolt of electricity misses you.
You see here a sky beast corpse.
The blast of sand hits the electric eel but does no damage.
The electric eel shoots out a bolt of lightning at you!
The bolt of electricity hits you!
The electric eel shoots out a bolt of lightning at you!
The bolt of electricity hits you!
The electric eel shoots out a bolt of lightning at you!
The bolt of electricity hits you!
The electric eel shoots out a bolt of lightning at you!
The bolt of electricity hits you!
* * * LOW HITPOINT WARNING * * *
You see here a hound corpse.
The electric eel shoots out a bolt of lightning at you!
The bolt of electricity hits you!
* * * LOW HITPOINT WARNING * * *
The bolt of electricity hits you.
* * * LOW HITPOINT WARNING * * *
The electric eel shoots out a bolt of lightning at you!
The bolt of electricity hits you!
You die...

.. #. ... #. ...###.
###########
.......###.........#
≈~......##.#######.########
≈~....~.##.#.....#.#.......
≈~...[..##†#.###.#.#.######
≈~≈~~.$.##@#..............#
≈≈≈≈~S..††.#########.####.#
.≈≈≈≈....#.†.........# ##..
~~≈≈≈~~.################.<#
.≈≈S~...# ........##..#
~~≈.~~..# ##.#...#
.~≈≈..... ###....#.#
~≈≈~...?. #...)###.#
~~~~.......# #.##.# #..


You could see 2 electric eels.

Vanquished Creatures
  Joseph (D:7)
  A troll (D:8)
  Grinder (D:4)
  A steam dragon (D:6)
  A water moccasin (D:6)
  2 ice beasts
  5 sky beasts
  A centaur (D:6)
  A bullfrog (D:4)
  A kobold brigand (D:7)
  3 scorpions
  An electric eel (D:8)
  A bombardier beetle (D:5)
  2 orc priests (D:5)
  8 hounds
  An iguana (D:5)
  5 orc wizards
  Natasha (thrice) (D:3)
  9 adders
  A white imp (D:7)
  13 orcs
  4 endoplasms
  4 giant cockroaches (D:1)
  11 hobgoblins
  3 jackals (D:5)
  4 quokkas
  6 ball pythons
  4 bats
  2 frilled lizards (D:1)
  7 goblins
  4 kobolds
  10 rats
121 creatures vanquished.

Vanquished Creatures (others)
  A hound (D:8)
  7 foxfires (D:5)
8 creatures vanquished.

Grand Total: 129 creatures vanquished

Notes
Turn   | Place    | Note
-------+----------+-------------------------------------------
     0 | D:1      | shadizar the Djinni Earth Elementalist began the quest for
                  | the Orb.
     0 | D:1      | shadizar set off with the following spells memorised:
                  | Sandblast, Passwall, Stone Arrow, Petrify, Brom's
                  | Barrelling Boulder.
     0 | D:1      | Reached XP level 1. HP: 15/15 MP: 0/0
    85 | D:1      | Reached XP level 2. HP: 21/22 MP: 0/0
   160 | D:1      | Found Eklaetoq's Weapon Shoppe.
   168 | D:1      | Reached skill level 1 in Fighting
   349 | D:1      | Reached XP level 3. HP: 26/27 MP: 0/0
   349 | D:1      | Learned a level 1 spell: Foxfire
   714 | D:2      | Reached skill level 2 in Fighting
   873 | D:2      | Identified the +9 whip "Tejosuup" {antimagic, *Noise rPois
                  | SInv}
  1013 | D:2      | Reached XP level 4. HP: 32/34 MP: 0/0
  1032 | D:2      | Identified the +3 ring mail of Hairy Brilliance {rPois
                  | Regen+ SInv}
  1323 | D:3      | Noticed Natasha
  1328 | D:3      | Killed Natasha
  1480 | D:3      | Noticed Natasha
  1482 | D:3      | Killed Natasha
  1483 | D:3      | Reached skill level 3 in Fighting
  1483 | D:3      | Reached XP level 5. HP: 39/40 MP: 0/0
  1483 | D:3      | Learned a level 2 spell: Call Imp
  1697 | D:3      | Noticed Natasha
  1701 | D:3      | Killed Natasha
  1943 | D:4      | Noticed Grinder
  1950 | D:4      | Paralysed by Grinder for 5 turns
  1958 | D:4      | Killed Grinder
  1959 | D:4      | Reached skill level 4 in Fighting
  1959 | D:4      | Reached XP level 6. HP: 6/48 MP: 0/0
  2061 | D:4      | Found Ozocs's Distillery.
  2104 | D:4      | Reached XP level 7. HP: 53/53 MP: 0/0
  2104 | D:4      | Learned a level 3 spell: Swiftness
  2120 | D:4      | Found a transporter.
  2123 | D:4      | Noticed a water moccasin
  2126 | D:4      | Found a transporter.
  2135 | D:4      | Found a hazy altar of Hepliaklqana.
  2414 | D:4      | Found a staircase to the Ecumenical Temple.
  2436 | Temple   | Entered the Ecumenical Temple
  2454 | Temple   | Became a worshipper of Makhleb the Destroyer
  2573 | D:5      | Entered Level 5 of the Dungeon
  2578 | D:5      | Reached skill level 5 in Fighting
  2578 | D:5      | Reached skill level 5 in Spellcasting
  2578 | D:5      | Reached skill level 5 in Conjurations
  2578 | D:5      | Reached skill level 5 in Hexes
  2578 | D:5      | Reached skill level 5 in Summonings
  2578 | D:5      | Reached skill level 5 in Necromancy
  2578 | D:5      | Reached skill level 5 in Translocations
  2578 | D:5      | Reached skill level 5 in Fire Magic
  2578 | D:5      | Reached skill level 5 in Ice Magic
  2578 | D:5      | Reached skill level 5 in Air Magic
  2578 | D:5      | Reached skill level 5 in Earth Magic
  2578 | D:5      | Reached skill level 5 in Alchemy
  2593 | D:5      | Found an iron altar of Okawaru.
  2730 | D:5      | Reached XP level 8. HP: 56/60 MP: 0/0
  2818 | D:5      | Reached skill level 1 in Armour
  2908 | D:5      | Reached * piety under Makhleb
  3038 | D:5      | Found a sparkling altar of Nemelex Xobeh.
  3303 | D:6      | Found a glowing golden altar of the Shining One.
  3316 | D:6      | Reached skill level 6 in Fighting
  3372 | D:6      | Found a bloodstained altar of Trog.
  3540 | D:6      | Reached XP level 9. HP: 40/67 MP: 0/0
  3540 | D:6      | Learned a level 3 spell: Mephitic Cloud
  4011 | D:6      | Found a stormy altar of Qazlal.
  4140 | D:7      | Found Cimmeumnal's Gadget Gallery.
  4165 | D:7      | Noticed Joseph
  4178 | D:7      | Killed Joseph
  4179 | D:7      | Reached skill level 5 in Dodging
  4191 | D:7      | Reached skill level 7 in Fighting
  4552 | D:7      | Found a sacrificial altar of Ru.
  5219 | D:8      | Noticed a troll
  5229 | D:8      | Killed a troll
  5230 | D:8      | Reached skill level 5 in Armour
  5230 | D:8      | Reached XP level 10. HP: 74/75 MP: 0/0
  5256 | D:8      | Killed from afar by an electric eel

Illustrated notes

Levels and vault maps discovered:
D:1:      amcnicky_arrival_double_pillar, layout_basic, serial_shops,
          nicolae_shop_peninsula, kennysheep_another_room, fountainhead
D:2:      minmay_chambers_of_ones, layout_loops_ring, minmay_misc_feat_ornament,
          minmay_surrounded
D:3:      layout_loops_ring, serial_bayou_pond_a, uniq_natasha
D:4:      layout_loops_cross, gammafunk_temple_overflow_arena,
          minmay_temple_entry_tees, serial_shops,
          nicolae_shop_industrial_runoff, uniq_grinder
D:5:      layout_basic, okawaru_trees_1, nemelex_xobeh_ov_fountains_minmay
D:6:      layout_basic, mainiacjoe_overflow_catwalk, mainiacjoe_overflow_swirl,
          chequers_serial_rivers_micro_d
D:7:      layout_basic, nicolae_ru_path_of_blood, nicolae_shop_gadgets,
          uniq_joseph
D:8:      layout_basic, overflow_temple_1_default, erik_lair_island
Temple:   nicolae_temple_bog_church

Skill      XL: |  1  2  3  4  5  6  7  8  9 |
---------------+----------------------------+-----
Fighting       | 1 2 3 4 5 6 7 |  7.6
Spellcasting   | 4 5 6 |  6.5
Conjurations   | 4 5 6 |  6.5
Hexes          | 4 5 6 |  6.5
Summonings     | 4 5 6 |  6.5
Necromancy     | 4 5 6 |  6.5
Translocations | 4 5 6 |  6.5
Fire Magic     | 4 5 6 |  6.5
Ice Magic      | 4 5 6 |  6.5
Air Magic      | 4 5 6 |  6.5
Earth Magic    | 4 5 6 |  6.5
Alchemy        | 4 5 6 |  6.5
Armour         | 3 5 |  5.0
Dodging        | 4 6 |  6.1
Stealth        | |  1.5

Action                     |  1- 3 |  4- 6 |  7- 9 | 10-12 || total
---------------------------+-------+-------+-------+-------++-------
  Melee: Unarmed           |     1 |       |       |       ||     1
         Staff             |       |       |     2 |       ||     2
   Cast: Sandblast         |    46 |    29 |   177 |     3 ||   255
         Foxfire           |       |       |     5 |       ||     5
         Mephitic Cloud    |       |       |     3 |       ||     3
    Use: Potion            |       |     1 |       |       ||     1
         Scroll            |       |       |    17 |       ||    17
 Armour: Robe              |     5 |     3 |       |       ||     8
         Ring mail         |       |     5 |   144 |    11 ||   160
  Dodge: Dodged            |    10 |     5 |    84 |     1 ||   100

Table legend: (Time is in decaauts)
 A = Elapsed time spent in this place.
 B = Non-inter-level travel time spent in this place.
 C = Inter-level travel time spent in this place.
 D = Time resting spent in this place.
 E = Time spent auto-exploring this place.
 F = Levels seen in this place.
 G = Mean time per level.
                   A        B        C        D        E       F      G
               +--------+--------+--------+--------+--------+-----+--------+
         Total |   5383 |   5223 |    160 |      0 |   4197 |   9 |  598.1 |
       Dungeon |   5356 |   5196 |    160 |      0 |   4197 |   8 |  669.5 |
        Temple |     26 |     26 |      0 |      0 |      0 |   1 |   26.0 |
               +--------+--------+--------+--------+--------+-----+--------+

Top non-repeatable levels by time:
     D:7: 1000 daAuts
     D:6: 781 daAuts
     D:5: 717 daAuts
     D:2: 693 daAuts
     D:3: 661 daAuts
     D:1: 655 daAuts
     D:4: 620 daAuts
     D:8: 226 daAuts
  Temple: 26 daAuts
